 Dungeon Crawl Stone Soup version 0.31-a0-174-g85c54bcb58 (webtiles) character file.

Game seed: 17441517702309149395

73 qw the Shooter (level 4, 0/28 HPs)
             Began as a Gargoyle Hunter on June 15, 2023.
             Slain by a cerulean imp
             ... wielding a +1 spear
             ... summoned by Natasha
              (6 damage)
             ... on level 3 of the Dungeon.
             The game lasted 00:00:36 (1319 turns).

qw the Shooter (Gargoyle Hunter)                    Turns: 1319, Time: 00:00:36

Health: 0/28       AC:  9    Str: 14 (15) XL:     4   Next: 27%
Magic:  4/4        EV: 10    Int:  8 (9)  God:
Gold:   19         SH:  0    Dex: 15      Spells: 3/3 levels left

rFire   . . .        Y - +0 shortbow
rCold   + . .        (shield currently unavailable)
rNeg    + . .        l - +0 ring mail
rPois   inf          (no helmet)
rElec   +            (no cloak)
rCorr   .            (no gloves)
SInv    .            e - +0 pair of boots
Will    .....        (no amulet)
Stlth   +            k - ring of protection from cold
HPRegen 0.24/turn    (no ring)
MPRegen 0.09/turn

%: no passive effects
@: about to teleport
A: sickness immunity, AC +3, negative energy resistance 1, electricity
resistance, torment resistance 1, petrification resistance
a: no special abilities


You were on level 3 of the Dungeon.
You visited 1 branch of the dungeon, and saw 3 of its levels.

You collected 19 gold pieces.


Innate Abilities, Weirdness & Mutations

You are immune to sickness and miasma.
Your stone body is resilient. (AC +3)
You are immune to poison.
You resist negative energy. (rN+)
You are resistant to electric shocks. (rElec)
You are resistant to unholy torment.
You are immune to petrification.


   Skills:
 - Level 3.0 Fighting
 + Level 5.2 Ranged Weapons
 - Level 1.0 Armour
 - Level 1.5 Dodging
 - Level 1.1 Stealth


You had 3 spell levels left.
You didn't know any spells.
Your spell library was empty.

Inventory:

Hand Weapons
 Y - a +0 shortbow (weapon)
Armour
 b - a +0 helmet
 e - a +0 pair of boots (worn)
 l - a +0 ring mail (worn)
Jewellery
 d - a ring of protection from cold
 k - a ring of protection from cold (left hand)
Scrolls
 a - 2 scrolls of identify
 c - a scroll of amnesia {unknown}
Potions
 i - a potion of invisibility {unknown}
 j - a potion of mutation {unknown}

Dungeon Overview and Level Annotations

Branches:
Dungeon (2/15)

Altars:
Elyvilon

Shops:
D:1 ?

Annotations:
D:3 Ijyb, Natasha


Message History

Natasha is almost dead.
Ijyb hits you but does no damage.
The cerulean imp hits you but does no damage.
The cerulean imp closely misses you.
You shoot an arrow. The arrow hits Ijyb.
Ijyb is severely wounded.
Ijyb zaps a wand.
The roots erupt in riotous growth!
The grasping roots grab you!
Ijyb is unaffected.
The grasping roots constrict you.
The cerulean imp hits you but does no damage.
The cerulean imp barely misses you.
You shoot an arrow. The arrow hits Ijyb but does no damage.
Ijyb is severely wounded.
The cerulean imp hits you from afar with a +1 spear.
Ijyb hits you but does no damage. The grasping roots constrict you.
The cerulean imp barely misses you.
Natasha howls an incantation.
You feel disoriented.
You shoot an arrow. The arrow closely misses Ijyb.
The arrow barely misses Natasha.
The arrow misses the cerulean imp.
Ijyb hits you with a +0 dagger. The grasping roots constrict you.
The cerulean imp hits you but does no damage.
The cerulean imp closely misses you. Ijyb hits you but does no damage.
The grasping roots constrict you.
The cerulean imp hits you but does no damage.
1318 ||| READING scroll of teleportation.
As you read the scroll of teleportation, it crumbles to dust.
You feel strangely unstable.
The cerulean imp hits you but does no damage.
Ijyb hits you but does no damage. The grasping roots constrict you.
The cerulean imp hits you but does no damage.
The grasping roots release their grip on you.
You shoot an arrow. The arrow closely misses Ijyb.
The arrow barely misses Natasha.
The arrow hits the cerulean imp.
The cerulean imp is moderately wounded.
The cerulean imp closely misses you.
Natasha mewls in sadness.
Ijyb hits you but does no damage.
The cerulean imp hits you from afar with a +1 spear.
You die...

#......... #
###..#..... ..
########....#..##..#
.........#.....##..#
.#######...........#
####....###.
#.#.####.#
#........#
###@###### #g#


5h5 ..5.. ....... ......... +....>..).+ #.........# You could see Ijyb, Natasha
and 3 cerulean imps.

Vanquished Creatures
  Robin (D:2)
  3 dart slugs
  An orc (D:3)
  2 endoplasms
  A giant cockroach (D:2)
  10 goblins
  5 hobgoblins
  3 jackals (D:2)
  2 quokkas
  4 ball pythons
  6 bats
  3 frilled lizards
  4 kobolds
  5 rats
50 creatures vanquished.

Notes
Turn   | Place    | Note
-------+----------+-------------------------------------------
     0 | D:1      | qw the Gargoyle Hunter began the quest for the Orb.
     0 | D:1      | Reached XP level 1. HP: 12/12 MP: 1/1
     0 | D:1      | 0 ||| qw: Version: 0.2-a-29-g511e9b1
     0 | D:1      | 0 ||| qw: Game counter: 5532
     0 | D:1      | 0 ||| qw: Always use a shield: true
     0 | D:1      | 0 ||| qw: God list: Okawaru
     0 | D:1      | 0 ||| qw: Allow faded altars: false
     0 | D:1      | 0 ||| qw: Do Orc after D:15 true
     0 | D:1      | 0 ||| qw: Do second Lair branch before Depths: true
     0 | D:1      | 0 ||| qw: Lair rune preference: random
     0 | D:1      | 0 ||| qw: Plans: Normal, Zot:1-4, Slime:5, God:TSO, Crypt,
                  | Tomb, Abyss, Pan, Hells, Win
     0 | D:1      | 0 ||| PLANNING D:1-11
   189 | D:1      | Reached XP level 2. HP: 17/17 MP: 2/2
   364 | D:1      | Found Wonujiat's Magic Scroll Shoppe.
   372 | D:1      | 372 ||| SHOPLISTING 2 scrolls of identify (40 gold, have
                  | 0).
   372 | D:1      | 372 ||| SHOPLISTING scroll of enchant armour (75 gold, have
                  | 0).
   372 | D:1      | 372 ||| SHOPLISTING scroll of identify (20 gold, have 0).
   372 | D:1      | 372 ||| SHOPLISTING scroll of teleportation (30 gold, have
                  | 0).
   879 | D:1      | 879 ||| UPGRADING to +0 pair of boots.
   884 | D:1      | 884 ||| UPGRADING to +0 ring mail.
   894 | D:1      | 894 ||| DROPPING +0 leather armour.
   895 | D:1      | 895 ||| UPGRADING to ring of protection from cold.
   896 | D:1      | 896 ||| READING scroll labelled VOEPLU DYTIA.
   897 | D:1      | 897 ||| READING 2 scrolls labelled GOTOTIMN WEIFF.
   902 | D:1      | 902 ||| READING scroll labelled JAEDOFAMNU.
   903 | D:1      | 903 ||| READING 2 scrolls labelled METZODDENUO.
   904 | D:1      | 904 ||| DRINKING 2 black potions.
   905 | D:1      | 905 ||| DROPPING scroll of butterflies.
   906 | D:1      | 906 ||| DROPPING scroll of noise.
   907 | D:1      | 907 ||| DROPPING potion of degeneration.
   967 | D:2      | Reached skill level 1 in Armour
   967 | D:2      | Reached XP level 3. HP: 21/21 MP: 3/3
  1101 | D:2      | Reached skill level 5 in Ranged Weapons
  1126 | D:2      | Noticed Robin
  1138 | D:2      | Killed Robin
  1139 | D:2      | Reached XP level 4. HP: 25/27 MP: 4/4
  1169 | D:2      | Found a white marble altar of Elyvilon.
  1217 | D:2      | Reached skill level 3 in Fighting
  1229 | D:2      | You fall into a shaft and drop 1 floor!
  1307 | D:3      | Noticed Natasha
  1307 | D:3      | Noticed Ijyb
  1317 | D:3      | HP: 6/28 [constriction (3)]
  1318 | D:3      | 1318 ||| READING scroll of teleportation.
  1319 | D:3      | Slain by a cerulean imp

Levels and vault maps discovered:
D:1:      onia_arrival_mini_maze, layout_loops_corners, serial_shops,
          nicolae_square_shop, minmay_misc_feat_x, eino_curves_01
D:2:      layout_basic, basic_altar, nicolae_figureground_pulse, uniq_robin
D:3:      layout_loops_corners, gammafunk_ghost_grave, basic_ecumenical_altar,
          minmay_vboxes, uniq_crazy_yiuf_cottage, uniq_natasha, uniq_sigmund,
          uniq_jessica, uniq_ijyb

Skill      XL: |  1  2  3  4 |
---------------+-------------+-----
Armour         | 1 |  1.0
Ranged Weapons | 5 |  5.2
Fighting       | 3 |  3.0
Dodging        | |  1.5
Stealth        | |  1.1

Action                     |  1- 3 |  4- 6 || total
---------------------------+-------+-------++-------
   Fire: Shortbow          |   104 |    38 ||   142
    Use: Scroll            |     4 |     1 ||     5
         Potion            |     1 |       ||     1
 Armour: Ring mail         |    15 |    17 ||    32
         Leather armour    |     1 |       ||     1
  Dodge: Dodged            |    31 |    14 ||    45

Table legend:
 A = Non-vault XP
 B = Vault XP
 C = Vault XP percentage of total XP
 D = Non-vault monster count
 E = Vault monster count
 F = Vault count percentage of total count
                 A         B        C        D         E       F
            +---------+---------+-------+---------+---------+-------
      Total |      66 |      39 |  37.1 |      35 |      15 |  30.0
            +---------+---------+-------+---------+---------+-------
        D:1 |      24 |       2 |   7.7 |      14 |       2 |  12.5
        D:2 |      31 |      28 |  47.5 |      16 |       7 |  30.4
        D:3 |      11 |       9 |  45.0 |       5 |       6 |  54.5
            +---------+---------+-------+---------+---------+-------
